| TOP OF THE 1ST |
|
Syracuse Chiefs batting - Pitching for Oklahoma City Dodgers : RHP Santiago Montero
|
|
Pitching: RHP Santiago Montero
|
|
|
Batting: LHB Dillon Gonzalez
|
0-0: Foul Ball, location: 2F 0-1: Swinging Strike 0-2: Ball 1-2: Ball 2-2: Ball 3-2: Base on Balls
|
|
Batting: RHB Dusty Ballard
|
0-0: Ball 1-0: Foul Ball, location: 2F 1-1: Foul Ball, location: 2F 1-2: Ball Wild Pitch! Dillon Gonzalez to second 2-2: Ground out 4-3 (Groundball, 4MS, EV 69.4 MPH) Dillon Gonzalez to third
|
|
Batting: LHB Kyung-jin Cho
|
0-0: Ball 1-0: Foul Ball, location: 2F 1-1: Foul Ball, location: 2F 1-2: Foul Ball, location: 2F 1-2: Strikes out swinging
|
|
Batting: LHB Jae-ik Soung
|
0-0: Ball 1-0: Foul Ball, location: 2F 1-1: Ball 2-1: Fly out, F8 (Flyball, 89D, EV 104.4 MPH)
|
| Top of the 1st over - 0 runs, 0 hits, 0 errors, 1 left on base; Syracuse 0 - Oklahoma City 0 |
| BOTTOM OF THE 1ST |
|
Oklahoma City Dodgers batting - Pitching for Syracuse Chiefs : RHP Jason Cheek
|
|
Pitching: RHP Jason Cheek
|
|
|
Batting: RHB Curt Earnest
|
0-0: Called Strike 0-1: Foul Ball, location: 2F 0-2: Strikes out swinging
|
|
Batting: RHB Theo Schepers
|
0-0: Called Strike 0-1: Swinging Strike 0-2: Strikes out swinging
|
|
Batting: LHB Stephen Van Raalte
|
0-0: Called Strike 0-1: Foul Ball, location: 2F 0-2: Ball 1-2: Foul Ball, location: 2F 1-2: Ball 2-2: Strikes out swinging
|
| Bottom of the 1st over - 0 runs, 0 hits, 0 errors, 0 left on base; Syracuse 0 - Oklahoma City 0 |
| TOP OF THE 2ND |
|
Syracuse Chiefs batting - Pitching for Oklahoma City Dodgers : RHP Santiago Montero
|
|
Batting: LHB Alexis Cantu
|
0-0: Ball 1-0: Called Strike 1-1: Called Strike 1-2: Strikes out looking
|
|
Batting: RHB Mike Buchanan
|
0-0: Ball 1-0: Called Strike 1-1: SINGLE (Groundball, 56D, EV 106.9 MPH)
|
|
Batting: LHB Tom Reynolds
|
0-0: Ball 1-0: Ball 2-0: Ball 3-0: Called Strike 3-1: Called Strike 3-2: Strikes out swinging
|
|
Batting: RHB Gabe Almazan
|
0-0: Swinging Strike 0-1: Ball 1-1: Ball Mike Buchanan is caught stealing 2nd base 2-4
|
| Top of the 2nd over - 0 runs, 1 hit, 0 errors, 0 left on base; Syracuse 0 - Oklahoma City 0 |
| BOTTOM OF THE 2ND |
|
Oklahoma City Dodgers batting - Pitching for Syracuse Chiefs : RHP Jason Cheek
|
|
Batting: LHB Steve Pond
|
0-0: Foul Ball, location: 2F 0-1: Ball 1-1: Ball 2-1: Ball 3-1: Swinging Strike 3-2: Ground out 4-3 (Groundball, 4M, EV 85.0 MPH)
|
|
Batting: LHB Jose Robles
|
0-0: SINGLE (Groundball, 6MD, EV 106.2 MPH)
|
|
Batting: RHB Jeremy Giesler
|
0-0: Fly out, F9 (Line Drive, 89M, EV 91.9 MPH)
|
|
Batting: LHB Chris Fandino
|
0-0: Swinging Strike 0-1: Ball 1-1: SINGLE (Groundball, 6MD, EV 102.5 MPH) Jose Robles to second
|
|
Batting: LHB Chris Raymond
|
0-0: Called Strike 0-1: Ball 1-1: Ball 2-1: Swinging Strike 2-2: Foul Ball, location: 2F 2-2: Foul Ball, location: 2F 2-2: Ball 3-2: Strikes out looking
|
| Bottom of the 2nd over - 0 runs, 2 hits, 0 errors, 2 left on base; Syracuse 0 - Oklahoma City 0 |
| TOP OF THE 3RD |
|
Syracuse Chiefs batting - Pitching for Oklahoma City Dodgers : RHP Santiago Montero
|
|
Batting: RHB Gabe Almazan
|
0-0: Foul Ball, location: 2F 0-1: Called Strike 0-2: Strikes out swinging
|
|
Batting: RHB Rafael Medina
|
0-0: Ball 1-0: Called Strike 1-1: Ball 2-1: Foul Ball, location: 2F 2-2: Strikes out swinging
|
|
Batting: LHB Dillon Gonzalez
|
0-0: Called Strike 0-1: Ball 1-1: Called Strike 1-2: Foul Ball, location: 2F 1-2: Strikes out swinging
|
| Top of the 3rd over - 0 runs, 0 hits, 0 errors, 0 left on base; Syracuse 0 - Oklahoma City 0 |
| BOTTOM OF THE 3RD |
|
Oklahoma City Dodgers batting - Pitching for Syracuse Chiefs : RHP Jason Cheek
|
|
Batting: RHB Carlos Talavera
|
0-0: Called Strike 0-1: Hit by Pitch
|
|
Batting: RHB Curt Earnest
|
0-0: Ball 1-0: Foul Ball, location: 2F 1-1: SINGLE (Groundball, 56, EV 96.9 MPH) (infield hit) Carlos Talavera to second
|
|
Batting: RHB Theo Schepers
|
0-0: Foul Ball, location: 2F 0-1: Swinging Strike 0-2: Ball 1-2: Fly out, F9 (Flyball, 9S, EV 75.0 MPH)
|
|
Batting: LHB Stephen Van Raalte
|
0-0: Ball 1-0: Ball 2-0: Swinging Strike 2-1: Fly out, F7 (Line Drive, 78M, EV 111.2 MPH)
|
|
Batting: LHB Steve Pond
|
0-0: Foul Ball, location: 2F 0-1: Called Strike 0-2: Strikes out swinging
|
| Bottom of the 3rd over - 0 runs, 1 hit, 0 errors, 2 left on base; Syracuse 0 - Oklahoma City 0 |
| TOP OF THE 4TH |
|
Syracuse Chiefs batting - Pitching for Oklahoma City Dodgers : RHP Santiago Montero
|
|
Batting: RHB Dusty Ballard
|
0-0: Ground out U3 (Groundball, 23, EV 87.5 MPH)
|
|
Batting: LHB Kyung-jin Cho
|
0-0: Ground out U3 (Groundball, 3, EV 90.0 MPH)
|
|
Batting: LHB Jae-ik Soung
|
0-0: Ball 1-0: Ball 2-0: Ground out 1-3 (Groundball, 13S, EV 73.1 MPH)
|
| Top of the 4th over - 0 runs, 0 hits, 0 errors, 0 left on base; Syracuse 0 - Oklahoma City 0 |
| BOTTOM OF THE 4TH |
|
Oklahoma City Dodgers batting - Pitching for Syracuse Chiefs : RHP Jason Cheek
|
|
Batting: LHB Jose Robles
|
0-0: Ground out 4-3 (Groundball, 4S, EV 64.4 MPH)
|
|
Batting: RHB Jeremy Giesler
|
0-0: Ball 1-0: Ball 2-0: Ball 3-0: Base on Balls
|
|
Batting: LHB Chris Fandino
|
0-0: Fielders Choice at 2nd, 6-4 (Groundball, 6, EV 85.6 MPH)
|
|
Batting: LHB Chris Raymond
|
0-0: Called Strike 0-1: SINGLE (Groundball, 6D, EV 98.8 MPH) Chris Fandino to second
|
|
Batting: RHB Carlos Talavera
|
0-0: Called Strike 0-1: Called Strike 0-2: SINGLE (Groundball, 56D, EV 107.5 MPH) Chris Fandino to third Chris Raymond to second
|
|
Batting: RHB Curt Earnest
|
0-0: Called Strike 0-1: Foul Ball, location: 2F 0-2: Foul Ball, location: 2F 0-2: Ball 1-2: Strikes out swinging
|
| Bottom of the 4th over - 0 runs, 2 hits, 0 errors, 3 left on base; Syracuse 0 - Oklahoma City 0 |
| TOP OF THE 5TH |
|
Syracuse Chiefs batting - Pitching for Oklahoma City Dodgers : RHP Santiago Montero
|
|
Batting: LHB Alexis Cantu
|
0-0: Ball 1-0: Foul Ball, location: 2F 1-1: Foul Ball, location: 2F 1-2: Foul Ball, location: 2F 1-2: Foul Ball, location: 2F 1-2: TRIPLE (Line Drive, 89XD, EV 108.1 MPH)
|
|
Batting: RHB Mike Buchanan
|
0-0: Called Strike 0-1: Ball 1-1: Foul Ball, location: 2F 1-2: Strikes out swinging
|
|
Batting: LHB Tom Reynolds
|
0-0: Swinging Strike 0-1: Called Strike 0-2: Strikes out swinging
|
|
Batting: RHB Gabe Almazan
|
0-0: Ball 1-0: Ball 2-0: Ball 3-0: Called Strike 3-1: Base on Balls
|
|
Batting: RHB Rafael Medina
|
0-0: Ball 1-0: Foul Ball, location: 2F 1-1: Ball 2-1: Fielders Choice at 2nd, 6-4 (Groundball, 6, EV 79.4 MPH)
|
| Top of the 5th over - 0 runs, 1 hit, 0 errors, 2 left on base; Syracuse 0 - Oklahoma City 0 |
| BOTTOM OF THE 5TH |
|
Oklahoma City Dodgers batting - Pitching for Syracuse Chiefs : RHP Jason Cheek
|
|
Batting: RHB Theo Schepers
|
0-0: Fly out, F9 (Flyball, 89M, EV 90.0 MPH)
|
|
Batting: LHB Stephen Van Raalte
|
0-0: Ball 1-0: Ball 2-0: Foul Ball, location: 2F 2-1: DOUBLE (Flyball, 78D, EV 94.4 MPH)
|
|
Batting: LHB Steve Pond
|
0-0: Ball 1-0: Called Strike 1-1: Foul Ball, location: 2F 1-2: Ground out U3 (Groundball, 23, EV 85.0 MPH) Stephen Van Raalte to third
|
|
Batting: LHB Jose Robles
|
0-0: Ball 1-0: Swinging Strike 1-1: Fly out, F7 (Line Drive, 7LS, EV 96.9 MPH)
|
| Bottom of the 5th over - 0 runs, 1 hit, 0 errors, 1 left on base; Syracuse 0 - Oklahoma City 0 |
| TOP OF THE 6TH |
|
Syracuse Chiefs batting - Pitching for Oklahoma City Dodgers : RHP Santiago Montero
|
|
Batting: LHB Dillon Gonzalez
|
0-0: Called Strike 0-1: Ball 1-1: Ball 2-1: Called Strike 2-2: SOLO HOME RUN (Flyball, 89XD, EV 98.1 MPH), Distance : 396 ft
|
|
Batting: RHB Dusty Ballard
|
0-0: Ball 1-0: Ball 2-0: Ball 3-0: Base on Balls
|
|
Batting: LHB Kyung-jin Cho
|
0-0: Called Strike Dusty Ballard steals 2nd base (no throw) 0-1: Fly out, F1 (Line Drive, P, EV 67.5 MPH)
|
|
Pitching: LHP Dave Burridge
|
|
|
Batting: LHB Jae-ik Soung
|
0-0: Called Strike 0-1: Swinging Strike 0-2: Strikes out swinging
|
|
Batting: LHB Alexis Cantu
|
0-0: Foul Ball, location: 2F 0-1: Ball 1-1: Fly out, F7 (Flyball, 78S, EV 92.5 MPH)
|
| Top of the 6th over - 1 run, 1 hit, 0 errors, 1 left on base; Syracuse 1 - Oklahoma City 0 |
| BOTTOM OF THE 6TH |
|
Oklahoma City Dodgers batting - Pitching for Syracuse Chiefs : RHP Jason Cheek
|
|
Batting: RHB Jeremy Giesler
|
0-0: Ball 1-0: Foul Ball, location: 2F 1-1: Ground out 3-1 (Groundball, 34, EV 78.1 MPH)
|
|
Batting: LHB Chris Fandino
|
0-0: Ball 1-0: Called Strike 1-1: Ball 2-1: Ball 3-1: Fly out, F8 (Flyball, 8LD, EV 93.8 MPH)
|
|
Batting: LHB Chris Raymond
|
0-0: Swinging Strike 0-1: Ball 1-1: Ball 2-1: Ball 3-1: Foul Ball, location: 2F 3-2: Base on Balls
|
|
Batting: RHB Carlos Talavera
|
0-0: Called Strike Chris Raymond is caught stealing 2nd base 2-4
|
| Bottom of the 6th over - 0 runs, 0 hits, 0 errors, 0 left on base; Syracuse 1 - Oklahoma City 0 |
| TOP OF THE 7TH |
|
Syracuse Chiefs batting - Pitching for Oklahoma City Dodgers : LHP Dave Burridge
|
|
Batting: RHB Mike Buchanan
|
0-0: Foul Ball, location: 2F 0-1: Ball 1-1: Ball 2-1: Ball 3-1: Base on Balls
|
|
Batting: LHB Tom Reynolds
|
0-0: Bunt missed! 0-1: Bunt missed! 0-2: Ball 1-2: Strikes out looking
|
|
Batting: RHB Gabe Almazan
|
0-0: Swinging Strike 0-1: Ball 1-1: Foul Ball, location: 2F 1-2: Strikes out looking
|
|
Batting: RHB Rafael Medina
|
0-0: Ball 1-0: Called Strike Mike Buchanan is caught stealing 2nd base 2-4
|
| Top of the 7th over - 0 runs, 0 hits, 0 errors, 0 left on base; Syracuse 1 - Oklahoma City 0 |
| BOTTOM OF THE 7TH |
|
Oklahoma City Dodgers batting - Pitching for Syracuse Chiefs : RHP Jason Cheek
|
|
Batting: RHB Carlos Talavera
|
0-0: Called Strike 0-1: Ball 1-1: Ball 2-1: Ground out 1-3 (Groundball, P, EV 72.5 MPH)
|
|
Batting: RHB Curt Earnest
|
0-0: Ball 1-0: Ball 2-0: Swinging Strike 2-1: Ball 3-1: Base on Balls
|
|
Batting: RHB Theo Schepers
|
0-0: Ball 1-0: Called Strike 1-1: Called Strike 1-2: Ball 2-2: Ball 3-2: SINGLE (Groundball, 6D, EV 108.1 MPH) Curt Earnest to second
|
|
Pitching: LHP Jose Torres
|
|
|
Pinch Hitting: RHB Mike Dodson
|
0-0: Called Strike 0-1: Ball 1-1: Ball 2-1: Swinging Strike 2-2: Ball 3-2: Fly out, F9 (Flyball, 9, EV 83.1 MPH)
|
|
Batting: LHB Steve Pond
|
0-0: Ground out 4-3 (Groundball, 4D, EV 101.2 MPH)
|
| Bottom of the 7th over - 0 runs, 1 hit, 0 errors, 2 left on base; Syracuse 1 - Oklahoma City 0 |
| TOP OF THE 8TH |
|
Syracuse Chiefs batting - Pitching for Oklahoma City Dodgers : LHP Dave Burridge
|
|
Pitching: LHP Billy Kline
|
|
|
Now at SS: Mike Dodson
|
|
|
Now in CF: Jeremy Giesler
|
|
|
Now in RF: Chris Raymond
|
|
|
Batting: RHB Rafael Medina
|
0-0: Foul Ball, location: 2F 0-1: Ball 1-1: Ball 2-1: Foul Ball, location: 2F 2-2: Ground out 4-3 (Groundball, 34, EV 83.8 MPH)
|
|
Batting: LHB Dillon Gonzalez
|
0-0: Ball 1-0: Ball 2-0: Called Strike 2-1: Ball 3-1: Base on Balls
|
|
Batting: RHB Dusty Ballard
|
0-0: Ball 1-0: Swinging Strike 1-1: Foul Ball, location: 2F 1-2: Grounds into double play, 6-4-3 (Groundball, 6, EV 106.9 MPH)
|
| Top of the 8th over - 0 runs, 0 hits, 0 errors, 0 left on base; Syracuse 1 - Oklahoma City 0 |
| BOTTOM OF THE 8TH |
|
Oklahoma City Dodgers batting - Pitching for Syracuse Chiefs : LHP Jose Torres
|
|
Batting: LHB Jose Robles
|
0-0: Called Strike 0-1: SINGLE (Groundball, 4MD, EV 105.6 MPH)
|
|
Batting: RHB Jeremy Giesler
|
0-0: Bunted foul 0-1: Bunted foul 0-2: Foul Ball, location: 2F 0-2: Strikes out swinging
|
|
Batting: LHB Chris Fandino
|
0-0: Ball 1-0: SINGLE (Line Drive, 5D, EV 94.4 MPH) Jose Robles to second
|
|
Batting: LHB Chris Raymond
|
0-0: Swinging Strike 0-1: Ball 1-1: Ball 2-1: SINGLE (Groundball, 34, EV 96.9 MPH) Jose Robles to third Chris Fandino to second
|
|
Batting: RHB Carlos Talavera
|
0-0: Ball 1-0: Swinging Strike 1-1: Fly out, F9 (Flyball, 89D, EV 92.5 MPH) Runner from 3rd tags up, SCORES, throw by RF Chris Fandino to third
|
|
Batting: RHB Curt Earnest
|
0-0: Ball 1-0: Ball 2-0: Called Strike 2-1: Foul Ball, location: 2F 2-2: Ball 3-2: Base on Balls Chris Raymond to second
|
|
Batting: RHB Theo Schepers
|
0-0: Ground out 4-3 (Groundball, 4S, EV 82.5 MPH)
|
| Bottom of the 8th over - 1 run, 3 hits, 0 errors, 3 left on base; Syracuse 1 - Oklahoma City 1 |
| TOP OF THE 9TH |
|
Syracuse Chiefs batting - Pitching for Oklahoma City Dodgers : LHP Billy Kline
|
|
Pinch Hitting: RHB Jim Miske
|
0-0: Ball 1-0: Ball 2-0: Called Strike 2-1: Ground out 6-3 (Groundball, 6, EV 89.4 MPH)
|
|
Batting: LHB Jae-ik Soung
|
0-0: Ball 1-0: Called Strike 1-1: Ball 2-1: Swinging Strike 2-2: Foul Ball, location: 2F 2-2: Foul Ball, location: 2F 2-2: Strikes out swinging
|
|
Batting: LHB Alexis Cantu
|
0-0: Ball 1-0: Called Strike 1-1: Ball 2-1: SINGLE (Groundball, 6, EV 98.8 MPH)
|
|
Batting: RHB Mike Buchanan
|
0-0: Called Strike 0-1: Foul Ball, location: 2F 0-2: Ball 1-2: Ground out 4-3 (Groundball, 34, EV 87.5 MPH)
|
| Top of the 9th over - 0 runs, 1 hit, 0 errors, 1 left on base; Syracuse 1 - Oklahoma City 1 |
| BOTTOM OF THE 9TH |
|
Oklahoma City Dodgers batting - Pitching for Syracuse Chiefs : LHP Jose Torres
|
|
Now in LF: Doug Anderson
|
|
|
Batting: RHB Mike Dodson
|
0-0: Fly out, F8 (Flyball, 8RM, EV 90.0 MPH)
|
|
Pinch Hitting: RHB Mike Zimmerly
|
0-0: Called Strike 0-1: Foul Ball, location: 2F 0-2: SINGLE (Groundball, 6S, EV 67.5 MPH) (infield hit)
|
|
Batting: LHB Jose Robles
|
0-0: Called Strike Mike Zimmerly steals 2nd base 0-1: Ball 1-1: SINGLE (Flyball, 8LS, EV 101.2 MPH) Mike Zimmerly to third
|
|
Batting: RHB Jeremy Giesler
|
0-0: Called Strike 0-1: Swinging Strike 0-2: Ball 1-2: Foul Ball, location: 2F 1-2: Strikes out swinging
|
|
Batting: LHB Chris Fandino
|
0-0: Ball 1-0: Swinging Strike 1-1: Called Strike 1-2: Foul Ball, location: 2F 1-2: Ball 2-2: Ball Wild Pitch! Mike Zimmerly scores
|
| Bottom of the 9th over - 1 run, 2 hits, 0 errors, 1 left on base; Syracuse 1 - Oklahoma City 2 |
|